 Dungeon Crawl Stone Soup version 0.31.0-11-ge490571c62 (webtiles) character file.

Game seed: 10746653779792298988

1087 qw the Skirmisher (level 8, -5/46 HPs)
             Began as a Deep Elf Hunter on Feb 3, 2024.
             Was an Initiate of Okawaru.
             Slain by Duvessa
             ... wielding a +0 short sword
              (10 damage)
             ... on level 5 of the Dungeon.
             The game lasted 00:00:19 (4644 turns).

qw the Skirmisher (Deep Elf Hunter)                 Turns: 4644, Time: 00:00:20

Health: -5/46      AC:  9    Str: 10    XL:     8   Next: 9%
Magic:  10/10      EV: 11    Int: 15    God:    Okawaru [......]
Gold:   213        SH:  0    Dex: 18    Spells: 7/7 levels left

rFire   . . .        a - +0 shortbow
rCold   . . .        (shield currently unavailable)
rNeg    . . .        h - +3 ring mail
rPois   .            k - +0 helmet
rElec   .            (no cloak)
rCorr   .            (no gloves)
SInv    .            (no boots)
Will    +....        (no amulet)
Stlth   +            e - ring of willpower
HPRegen 0.27/turn    (no ring)
MPRegen 0.12/turn

%: no passive effects
@: no status effects
A: no striking features
a: Renounce Religion


You were on level 5 of the Dungeon.
You worshipped Okawaru.
Okawaru was noncommittal.
You visited 1 branch of the dungeon, and saw 5 of its levels.

You collected 213 gold pieces.


   Skills:
 - Level 3.3 Fighting
 - Level 12.0 Ranged Weapons
 - Level 1.0 Armour
 + Level 3.7 Dodging
 - Level 1.2 Stealth


You had 7 spell levels left.
You didn't know any spells.
Your spell library was empty.

Inventory:

Hand Weapons
 a - a +0 shortbow (weapon)
Armour
 h - a +3 ring mail (worn)
 k - a +0 helmet (worn)
Jewellery
 e - a ring of willpower (left hand)
Potions
 b - 3 potions of cancellation
 c - 4 potions of curing
 d - a potion of resistance
 f - a potion of lignification {unknown}
 j - a potion of brilliance {unknown}

Dungeon Overview and Level Annotations

Branches:
Dungeon (5/15)
 Temple: D:4-7

Altars:
Ashenzari
Cheibriados
Makhleb
Okawaru

Annotations:
D:3 2 transporters, qw's ghost, amateur DEHu
D:5 Dowan; Duvessa


Message History

Duvessa closely misses you. Dowan hits you with a +0 dagger.
You shoot an arrow. The arrow hits Duvessa.
Duvessa is heavily wounded.
Dowan closely misses you. Duvessa hits you with a +0 short sword.
You shoot an arrow. The arrow barely misses Duvessa.
Dowan casts a spell at you. The puff of flame hits you.
Duvessa hits you with a +0 short sword.
You shoot an arrow.
The arrow hits Duvessa but does no damage.
Duvessa is heavily wounded.
Dowan gestures at you while chanting. The puff of flame hits you.
Duvessa closely misses you.
You shoot an arrow. The arrow barely misses Duvessa.
You shoot an arrow.
The arrow hits Duvessa but does no damage.
Duvessa is heavily wounded.
Duvessa hits you with a +0 short sword! Dowan closely misses you.
You shoot an arrow. The arrow hits Duvessa.
Duvessa is heavily wounded.
Duvessa barely misses you. Dowan hits you but does no damage.
You shoot an arrow. The arrow hits Duvessa.
Duvessa is heavily wounded.
Dowan hits you with a +0 dagger. Duvessa hits you with a +0 short sword.
You shoot an arrow. The arrow hits Duvessa.
Duvessa is severely wounded.
Duvessa hits you with a +0 short sword. Dowan hits you with a +0 dagger.
You shoot an arrow.
The arrow hits Duvessa but does no damage.
Duvessa is severely wounded.
Dowan hits you but does no damage. Duvessa hits you with a +0 short sword.
You shoot an arrow. The arrow hits Duvessa.
Duvessa is severely wounded.
Duvessa closely misses you. Dowan hits you with a +0 dagger.
You shoot an arrow. The arrow hits Duvessa.
Duvessa is almost dead.
Dowan hits you but does no damage. Duvessa hits you but does no damage.
You shoot an arrow. The arrow hits Duvessa.
Duvessa is almost dead.
Duvessa hits you with a +0 short sword!
You die...

#.. ##.. ... #.. ..
#.
#e#################
#e@................
###################


You could see Duvessa and Dowan.

Vanquished Creatures
  2 black bears
  An ogre (D:4)
  A centaur (D:5)
  A phantom (D:4)
  A jelly (D:4)
  A bombardier beetle (D:5)
  4 hounds
  2 orc priests
  Terence (D:2)
  Natasha (thrice) (D:2)
  An iguana (D:5)
  2 orc wizards
  8 gnolls
  7 adders
  A white imp (D:5)
  3 dart slugs
  3 ribbon worms
  7 orcs
  8 ball pythons
  6 bats
  6 endoplasms
  7 giant cockroaches
  11 goblins
  4 hobgoblins
  3 jackals (D:5)
  6 kobolds
  4 quokkas
  A frilled lizard (D:1)
  5 rats
110 creatures vanquished.

Notes
Turn   | Place    | Note
-------+----------+-------------------------------------------
     0 | D:1      | qw the Deep Elf Hunter began the quest for the Orb.
     0 | D:1      | Reached XP level 1. HP: 12/12 MP: 3/3
     0 | D:1      | 0 ||| qw: Version: 0.3-a-158-g18b3111
     0 | D:1      | 0 ||| qw: Game counter: 4087
     0 | D:1      | 0 ||| qw: Melee chars always use a shield: true
     0 | D:1      | 0 ||| qw: God list: Okawaru
     0 | D:1      | 0 ||| qw: Allow faded altars: false
     0 | D:1      | 0 ||| qw: Do Orc after clearing Dungeon:15 true
     0 | D:1      | 0 ||| qw: Do second Lair branch before Depths: true
     0 | D:1      | 0 ||| qw: Lair rune preference: random
     0 | D:1      | 0 ||| qw: Goals: Normal
     0 | D:1      | 0 ||| PLANNING D:1-11
   213 | D:1      | Reached XP level 2. HP: 16/16 MP: 4/4
   217 | D:1      | Reached skill level 6 in Ranged Weapons
   398 | D:1      | Reached XP level 3. HP: 20/20 MP: 5/5
   608 | D:1      | 608 ||| UPGRADING to +0 ring mail.
   618 | D:1      | 618 ||| DROPPING +0 leather armour.
   619 | D:1      | 619 ||| UPGRADING to ring of willpower.
   620 | D:1      | 620 ||| READING scroll labelled ZALAUPL JANUXO.
   620 | D:1      | 620 ||| ENCHANTING +0 ring mail.
   621 | D:1      | 621 ||| READING scroll labelled YBUXTO BUQASO.
   621 | D:1      | 621 ||| IDENTIFYING green potion
   622 | D:1      | 622 ||| READING scroll labelled VEDUGH KEOFI.
   623 | D:1      | 623 ||| DROPPING scroll of butterflies.
   680 | D:2      | Reached skill level 7 in Ranged Weapons
   776 | D:2      | Noticed Terence
   799 | D:2      | Killed Terence
   800 | D:2      | Reached XP level 4. HP: 12/18 MP: 6/6
  1126 | D:2      | Noticed Natasha
  1130 | D:2      | Killed Natasha
  1131 | D:2      | Reached skill level 8 in Ranged Weapons
  1424 | D:2      | Noticed Natasha
  1432 | D:2      | Killed Natasha
  1433 | D:2      | Reached XP level 5. HP: 14/27 MP: 7/7
  1537 | D:2      | 1537 ||| READING scroll of identify.
  1537 | D:2      | 1537 ||| IDENTIFYING 3 sedimented sapphire potions
  1538 | D:2      | 1538 ||| READING scroll labelled ICUZXI TUOM.
  1543 | D:2      | 1543 ||| DRINKING 3 red potions.
  1546 | D:2      | Noticed Natasha
  1553 | D:2      | Killed Natasha
  1621 | D:3      | 1621 ||| PLANNING SEWER
  1731 | D:3      | Reached skill level 9 in Ranged Weapons
  1781 | D:3      | Found a transporter.
  1781 | D:3      | Noticed a sky beast
  1788 | D:3      | Noticed qw's ghost (amateur DEHu)
  1936 | D:3      | HP: 4/30 [orc priest/divine providence (14)]
  1941 | D:3      | Reached XP level 6. HP: 6/35 MP: 8/8
  2185 | D:3      | Found a glowing drain.
  2190 | D:3      | 2190 ||| UPGRADING to +3 ring mail.
  2200 | D:3      | 2200 ||| DROPPING +1 ring mail.
  2202 | D:3      | 2202 ||| READING scroll of identify.
  2202 | D:3      | 2202 ||| IDENTIFYING golden potion
  2224 | D:3      | 2224 ||| RIP SEWER
  2224 | D:3      | 2224 ||| PLANNING D:1-11
  2366 | D:3      | Found a transporter.
  2452 | D:3      | Found a faded altar of an unknown god.
  2497 | D:4      | Reached skill level 10 in Ranged Weapons
  2649 | D:4      | Reached skill level 3 in Dodging
  2684 | D:4      | HP: 4/35 [ogre/+0 giant club (13)]
  2685 | D:4      | 2685 ||| DRINKING potion of heal wounds.
  2690 | D:4      | HP: 1/35 [ogre/+0 giant club (23)]
  2966 | D:4      | Found a broken altar of Ashenzari.
  2976 | D:4      | Reached XP level 7. HP: 39/40 MP: 9/9
  3339 | D:4      | Reached skill level 11 in Ranged Weapons
  3425 | D:4      | 3425 ||| UPGRADING to +0 helmet.
  3430 | D:4      | 3430 ||| READING 2 scrolls of identify.
  3430 | D:4      | 3430 ||| IDENTIFYING black potion
  3431 | D:4      | 3431 ||| READING scroll of identify.
  3431 | D:4      | 3431 ||| IDENTIFYING bubbling blue potion
  3432 | D:4      | 3432 ||| DROPPING potion of degeneration.
  3449 | D:5      | Entered Level 5 of the Dungeon
  3474 | D:5      | Reached skill level 1 in Armour
  3480 | D:5      | HP: 10/40 [gnoll/+0 spear (3)]
  3486 | D:5      | HP: 5/40 [gnoll/+0 spear (1)]
  3714 | D:5      | Found a snail-covered altar of Cheibriados.
  3838 | D:5      | Found a burning altar of Makhleb.
  3838 | D:5      | Found an iron altar of Okawaru.
  3839 | D:5      | 3839 ||| PLANNING OKAWARU WORSHIP
  3843 | D:5      | Became a worshipper of Warmaster Okawaru
  3844 | D:5      | 3844 ||| PLANNING D:1-11
  3890 | D:5      | Reached skill level 12 in Ranged Weapons
  4289 | D:5      | 4289 ||| DRINKING potion of haste.
  4293 | D:5      | Reached skill level 3 in Fighting
  4293 | D:5      | Reached XP level 8. HP: 34/46 MP: 10/10
  4621 | D:5      | Noticed Dowan
  4622 | D:5      | Noticed Duvessa
  4640 | D:5      | HP: 11/46 [Dowan/+0 dagger (6)]
  4642 | D:5      | HP: 4/46 [Dowan/+0 dagger (3)]
  4644 | D:5      | Slain by Duvessa

Levels and vault maps discovered:
D:1:      elethiomel_arrival_maze, layout_basic, kennysheep_nondescript
D:2:      layout_loops_ring, uniq_terence, uniq_natasha
D:3:      layout_loops_ring, cheibrodos_sewer_entry_bend,
          hellmonk_ecumenical_altar_leap_of_faith, gammafunk_ghost_arena,
          minmay_misc_feat_rows, st_stairs_3
D:4:      black_bear_nest_1, layout_basic, mainiacjoe_overflow_brackets,
          serial_aquarium, aquarium_bridge_straight [aquarium_subvault_bridge,
          aquarium_subvault_wall, aquarium_subvault_bridge,
          aquarium_subvault_balcony], aquarium_window_1, aquarium_window_fake,
          aquarium_view_2a, aquarium_pool_S, minmay_misc_feat_doors
D:5:      layout_basic, slow_altar_2, nicolae_overflow_two_pavilions,
          uniq_duvessa, uniq_blork_the_orc, uniq_edmund

Skill      XL: |  1  2  3  4  5  6  7 |
---------------+----------------------+-----
Ranged Weapons | 6 7 8 9 10 12 | 12.0
Fighting       | 2 3 |  3.3
Dodging        | 3 |  3.7
Armour         | 1 |  1.0
Stealth        | |  1.2

Action                     |  1- 3 |  4- 6 |  7- 9 || total
---------------------------+-------+-------+-------++-------
   Fire: Shortbow          |   103 |   177 |   218 ||   498
    Use: Scroll            |     3 |     3 |     2 ||     8
         Potion            |       |     2 |     1 ||     3
 Armour: Leather armour    |     6 |       |       ||     6
         Ring mail         |    15 |    33 |   139 ||   187
  Dodge: Dodged            |    25 |    20 |    85 ||   130

Table legend:
 A = Non-vault XP
 B = Vault XP
 C = Vault XP percentage of total XP
 D = Non-vault monster count
 E = Vault monster count
 F = Vault count percentage of total count
                 A         B        C        D         E       F
            +---------+---------+-------+---------+---------+-------
      Total |    1330 |     224 |  14.4 |     102 |       8 |   7.3
            +---------+---------+-------+---------+---------+-------
        D:1 |      52 |       0 |   0.0 |      27 |       0 |   0.0
        D:2 |     121 |      74 |  37.9 |      17 |       2 |  10.5
        D:3 |     164 |      12 |   6.8 |      20 |       4 |  16.7
        D:4 |     344 |     133 |  27.9 |      15 |       1 |   6.2
        D:5 |     649 |       5 |   0.8 |      23 |       1 |   4.2
            +---------+---------+-------+---------+---------+-------
